Map: Acid Plant LE

Players

Darwin

  • Race: Terran Terran
  • Spawn Location: 5:00

CinDra - Winner!

  • Race: Zerg Zerg
  • League: Gold
  • Spawn Location: 11:00

VOD

Have the link to the VOD?

Description

Time

  • Played on: March 14, 2018, 4:06 p.m.
  • Length: 22:43
Show
View Real Time Build Order
Export as new Build Order

Darwin Terran 

Build Orders:  

Get SALT Encoding   

  12  0:01  SCV  
  13  0:14  SCV  
  14  0:43  Command Center  
  14  0:53  Supply Depot  
  14  1:02  Supply Depot  
  14  1:13  SCV  
  15  1:21  Barracks  
  15  1:30  SCV  
  16  1:42  Refinery  
  16  1:43  SCV  
  17  1:55  SCV  
  18  2:01  Barracks  
  18  2:06  SCV  
  19  2:12  SCV  
  20  2:17  Refinery  
  20  2:18  SCV  
  21  2:25  Supply Depot  
  21  2:29  Marine  
  22  2:30  SCV  
  23  2:38  Engineering Bay  
  23  2:47  SCV, Marine  
  25  2:55  SCV  
  26  2:59  SCV  
  26  3:00  Marine  
  26  3:04  Marine  
  29  3:07  SCV  
  30  3:18  Planetary Fortress, Marine  
  30  3:19  SCV  
  32  3:22  Marine  
  33  3:31  SCV  
  34  3:36  Marine  
  34  3:40  Marine  
  36  3:43  SCV  
  37  3:50  Factory  
  37  3:53  Marine  
  37  3:54  Factory  
  39  3:55  SCV  
  39  3:58  SCV  
  39  4:01  Marine  
  41  4:07  SCV  
  42  4:10  SCV  
  43  4:22  SCV x2  
  45  4:28  Refinery  
  45  4:30  Refinery  
  45  4:34  SCV x2  
  45  4:36  Factory Tech Lab  
  47  4:39  Factory Tech Lab  
  47  4:47  Starport  
  47  4:53  Starport  
  47  5:08  SCV x2  
  47  5:14  Siege Tank  
  52  5:20  Supply Depot, SCV  
  54  5:22  Supply Depot  
  54  5:25  Supply Depot  
  53  5:28  Orbital Command  
  53  5:30  Starport Tech Lab x2  
  53  5:32  SCV  
  54  5:41  Siege Tank  
  57  5:44  SCV  
  57  5:45  Supply Depot  
  57  5:46  Siege Tank  
  61  5:51  Supply Depot  
  61  5:54  Cloaking Field  
  61  5:55  Hyperflight Rotors  
  61  5:57  Marine x2  
  63  6:13  Siege Tank  
  63  6:15  Marine x2  
  68  6:24  Armory  
  68  6:35  Siege Tank  
  71  6:44  SCV x2  
  71  6:46  Siege Tank  
  76  6:56  Barracks Tech Lab  
  76  6:57  Barracks Reactor  
  76  7:13  Starport  
  76  7:14  Starport  
  76  7:15  Marine  
  76  7:18  Combat Shields  
  77  7:33  Marine x3  
  80  7:51  Marine x3  
  81  8:08  Marine x2  
  81  8:09  Marine  
  68  8:12  Siege Tank  
  68  8:13  Siege Tank  
  71  8:26  Marine x3  
  74  8:29  Starport Tech Lab x2  
  74  8:30  Banshee x2  
  80  8:40  Drilling Claws  
  80  8:44  Marine x3  
  81  8:56  Banshee x2  
  81  9:02  Marine x3  
  90  9:13  Banshee x2  
  96  9:20  Marine x3  
  99  9:30  Command Center  
  99  9:33  Command Center  
  99  9:37  Marine, Widow Mine  
  102  9:43  Marine x2, Banshee x2  
  102  9:44  Widow Mine  
  112  9:52  Supply Depot  
  112  9:55  Marine, Banshee  
  112  9:56  Banshee, Armory  
  112  9:58  Widow Mine  
  112  9:59  Armory  
  121  10:01  Marine x2  
  121  10:05  Widow Mine  
  125  10:13  Marine  
  126  10:20  Widow Mine  
  128  10:26  Widow Mine  
  130  10:41  Widow Mine  
  130  10:48  Widow Mine  
  110  11:02  Widow Mine  
  87  11:19  Widow Mine  
  87  11:24  Widow Mine  
  81  11:37  Viking x4  
  86  11:41  Widow Mine  
  86  11:45  Widow Mine  
  80  12:00  Missile Turret  
  78  12:02  Planetary Fortress, Widow Mine  
  78  12:07  Viking, Widow Mine  
  84  12:22  Missile Turret  
  84  12:23  Widow Mine  
  84  12:28  Widow Mine  
  82  12:44  Thor, Marine x3, Missile Turret  
  83  12:49  Thor  
  91  13:01  Marine  
  91  13:02  Marine x2  
  91  13:03  SCV  
  95  13:11  Viking x4  
  103  13:15  SCV  
  103  13:19  Marine x2  
  105  13:20  Marine  
  107  13:27  Thor, SCV  
  110  13:40  SCV  
  103  13:52  SCV  
  93  14:29  Marine  
  93  14:30  Marine x2  
  96  14:39  SCV  
  96  14:44  Command Center  
  97  14:47  Marine x3  
  97  14:52  SCV  
  95  15:02  Viking x4  
  95  15:04  SCV  
  95  15:05  Marine x3  
  107  15:16  SCV  
  108  15:23  Marine x2  
  108  15:27  Marine  
  108  15:28  SCV  
  112  15:31  Viking  
  102  15:41  SCV, Marine x2  
  105  15:45  Marine  
  106  15:53  SCV  
  107  15:57  Refinery  
  107  15:58  Refinery  
  107  15:59  Marine x2  
  107  16:02  Marine  
  110  16:04  Missile Turret  
  110  16:06  SCV  
  110  16:09  Planetary Fortress  
  111  16:16  Marine x2  
  113  16:23  Marine  
  114  16:27  Missile Turret  
  114  16:34  Marine x2  
  116  16:40  Marine  
  117  16:52  Marine x2  
  119  16:58  Marine  
  120  17:16  SCV  
  121  17:23  Thor x2  
  121  17:27  Viking  
  121  17:28  SCV  
  136  17:40  SCV  
  128  17:52  SCV  
  122  17:58  Marauder  
  122  18:02  Marine x2  
  122  18:04  SCV  
  125  18:06  Thor x2  
  139  18:20  Marauder, Marine x2  
  133  18:37  Marine  
  133  18:38  Marine  
  125  18:41  Marauder  
  120  18:55  Marine x2  
  120  19:01  Refinery  
  124  19:02  Marauder  
  124  19:03  Refinery  
  124  19:09  Viking x4  
  132  19:17  Engineering Bay  
  132  19:24  Marauder  
  134  19:39  Viking x4  
  136  20:10  Raven x2  
  133  20:29  Siege Tank x2  
  135  20:40  Marine  
  135  20:41  Marauder, Marine  
  139  21:01  Siege Tank x2  
  139  21:03  Marauder  
  145  21:24  Marauder  
  129  21:33  Siege Tank  
  129  21:34  Siege Tank  
  135  21:44  Fusion Core  
  115  22:06  Siege Tank x2  
Show
View Real Time Build Order
Export as new Build Order

CinDra Zerg - Winner!

Build Orders: Hatch First, Muta Ling Bane 

Get SALT Encoding   

  12  0:00  Drone  
  13  0:13  Overlord  
  13  0:18  Drone  
  14  0:31  Drone x2  
  14  0:35  Drone  
  17  0:53  Hatchery  
  17  0:55  Drone  
  17  0:58  Drone  
  18  1:09  Extractor  
  17  1:13  Spawning Pool  
  17  1:17  Drone  
  17  1:21  Drone  
  18  1:30  Drone  
  19  1:39  Overlord  
  19  1:50  Drone  
  20  2:04  Zergling x2, Queen  
  20  2:06  Zergling x2, Queen  
  26  2:14  Zergling x2  
  27  2:15  Metabolic Boost  
  27  2:17  Drone  
  28  2:30  Drone x2  
  30  2:38  Drone x2  
  32  2:45  Queen  
  32  2:49  Overlord x2  
  34  3:01  Hatchery  
  33  3:17  Drone  
  33  3:18  Drone x6  
  40  3:28  Drone x4  
  40  3:32  Queen  
  46  3:36  Drone x2  
  46  3:40  Overlord  
  48  3:55  Drone x4  
  52  3:58  Overlord x2  
  52  3:59  Overlord  
  52  4:11  Drone x2  
  52  4:12  Drone x2  
  56  4:18  Drone  
  56  4:20  Baneling Nest, Drone  
  57  4:30  Queen  
  59  4:32  Zergling x18  
  69  4:45  Drone  
  69  4:46  Drone x3  
  69  4:51  Extractor  
  69  4:52  Extractor  
  70  4:53  Drone  
  70  4:55  Extractor  
  70  4:59  Drone x8  
  78  5:24  Lair  
  78  5:27  Baneling  
  78  5:28  Baneling  
  78  5:52  Zergling x6  
  78  5:53  Zergling x2, Overlord x11  
  78  5:54  Overlord x2  
  82  6:22  Centrifical Hooks  
  83  6:25  Drone  
  83  6:26  Spire  
  83  6:28  Zergling x26  
  83  6:29  Overlord  
  83  6:32  Drone  
  96  6:36  Drone  
  97  6:43  Pneumatized Carapace  
  97  6:45  Overseer x2  
  97  7:19  Drone  
  97  7:20  Drone  
  97  7:21  Evolution Chamber  
  98  7:23  Drone  
  98  7:24  Drone x11, Evolution Chamber  
  109  7:30  Baneling  
  109  7:31  Baneling x6  
  109  7:36  Drone x2  
  111  7:38  Mutalisk  
  113  7:48  Extractor  
  111  7:52  Extractor  
  111  7:55  Mutalisk  
  111  7:56  Mutalisk x5  
  112  8:30  Mutalisk  
  112  8:31  Mutalisk x3  
  120  8:38  Hatchery  
  120  8:40  Zerg Melee Weapons Level 1  
  119  8:48  Zergling x42  
  126  8:56  Mutalisk  
  126  8:57  Mutalisk  
  130  9:27  Extractor  
  130  9:29  Extractor  
  128  9:34  Mutalisk x7  
  128  9:35  Mutalisk  
  128  9:36  Overlord x2  
  128  9:37  Overlord x2  
  144  9:50  Mutalisk x2  
  144  9:52  Zergling x16  
  156  10:14  Zergling x22  
  167  10:30  Drone  
  167  10:31  Drone x6  
  163  10:47  Zergling x10  
  114  11:23  Zergling x26  
  95  11:41  Mutalisk  
  95  11:42  Mutalisk x6  
  111  11:54  Mutalisk  
  111  11:55  Mutalisk x3  
  113  12:06  Mutalisk x3  
  113  12:07  Hydralisk Den  
  117  12:15  Spore Crawler  
  116  12:30  Mutalisk  
  116  12:31  Mutalisk x7  
  132  12:38  Overlord  
  132  13:04  Hatchery  
  131  13:09  Hatchery  
  130  13:27  Hatchery  
  130  13:30  Hatchery  
  92  14:26  Queen  
  88  14:39  Lair  
  88  15:04  Zergling x30  
  83  15:28  Zergling x12  
  80  15:29  Zergling x18  
  80  15:30  Zergling x2  
  80  15:34  Queen  
  93  15:41  Grooved Spines  
  93  15:43  Hydralisk x6  
  105  16:00  Drone x5  
  110  16:04  Hydralisk x3  
  116  16:18  Hydralisk x11  
  116  16:23  Lair x3, Hydralisk  
  140  16:27  Zerg Missile Weapons Level 1, Zerg Ground Armor Level 1  
  140  16:36  Hydralisk x5  
  150  16:51  Hydralisk x15  
  150  16:53  Muscular Augments  
  180  17:01  Hydralisk x4  
  188  17:08  Infestation Pit  
  187  17:18  Hydralisk x6  
  199  17:23  Overseer x5  
  199  18:06  Hive  
  181  18:39  Hydralisk x9  
  181  18:40  Hydralisk x4  
  197  18:54  Overlord  
  197  18:59  Hydralisk  
  199  19:02  Zerg Missile Weapons Level 2  
  199  19:03  Zerg Ground Armor Level 2  
  199  19:18  Zergling x2  
  199  19:22  Hatchery  
  199  19:53  Hatchery  
  198  20:02  Overlord  
  198  20:03  Overlord x3  
  198  20:27  Extractor  
  197  20:31  Hydralisk  
  199  20:36  Extractor  
  198  21:35  Hydralisk  
  167  22:16  Hydralisk x11  
  167  22:17  Hydralisk x10  
Tags
 
Composition
Muta Ling Bane
League
Gold
Matchup
TvZ
Spawn Locations
Cross Positions
Add a new tag
Caveats
  • Supply blocks, unpowered buildings, or Contaminate may cause inaccurate times.
  • Supply counts are checked every 10 seconds.